 Dungeon Crawl Stone Soup version 0.27.1-34-g3ba077fa99 (webtiles) character file.

Game seed: 6231499448166186341

167 iwittbrodt the Skirmisher (level 5, -10/43 HPs)
             Began as a Human Fighter on Jan 14, 2022.
             Killed from afar by an orc wizard (14 damage)
             ... with a puff of flame
             ... on level 3 of the Dungeon.
             The game lasted 00:18:51 (4241 turns).

iwittbrodt the Skirmisher (Human Fighter)           Turns: 4241, Time: 00:18:53

Health: -10/43     AC:  9    Str: 18    XL:     5   Next: 76%
Magic:  5/5        EV:  7    Int:  8    God:
Gold:   90         SH:  9    Dex: 12    Spells: 4/4 levels left

rFire    . . .     SeeInvis .   q - +0 hand axe (vamp)
rCold    . . .     Faith    .   c - +0 kite shield
rNeg     . . .     Spirit   .   b - +0 scale mail
rPois    .         Reflect  .   v - +0 helmet
rElec    .         Harm     .   (no cloak)
rCorr    .         Rampage  .   t - +0 pair of gloves
Will     .....                  (no boots)
Stlth    ..........             h - amulet of the acrobat
HPRegen  0.14/turn              (no ring)
MPRegen  0.09/turn              (no ring)

@: no status effects
A: no striking features
a: no special abilities


You were on level 3 of the Dungeon.
You visited 1 branch of the dungeon, and saw 4 of its levels.

You collected 90 gold pieces.

Inventory:

Hand Weapons
 a - a +0 war axe
 q - a +0 vampiric hand axe (weapon)
Armour
 b - a +0 scale mail (worn)
 c - a +0 kite shield (worn)
 t - a +0 pair of gloves (worn)
 v - a +0 helmet (worn)
Jewellery
 h - an amulet of the acrobat (around neck)
Wands
 n - a wand of paralysis (10)
Scrolls
 e - a scroll of immolation {unknown}
 f - a scroll of noise {unknown}
 g - a scroll of magic mapping {unknown}
 i - a scroll of torment {unknown}
 j - a scroll of fear {unknown}
 k - 3 scrolls of teleportation {unknown}
 l - a scroll of summoning {unknown}
 m - 2 scrolls of identify {unknown}
 o - a scroll of enchant weapon {unknown}
 r - 2 scrolls of amnesia {unknown}
Potions
 d - a potion of might
 p - 2 potions of haste
 s - a potion of heal wounds {unknown}
 u - a potion of degeneration {unknown}


   Skills:
 * Level 4.4 Fighting
 + Level 2.9 Axes
 + Level 3.7 Armour
 + Level 3.7 Shields


You had 4 spell levels left.
You didn't know any spells.
Your spell library was empty.

Dungeon Overview and Level Annotations

Branches:
Dungeon (4/15)
 Temple: D:4-7

Altars:

Shops:
D:1 =*

Annotations:
D:3 Sigmund
D:4 Dowan, Duvessa


Message History

You block Duvessa's attack.
Duvessa says, "My weaknesses are his strengths!"
Duvessa completely misses you. The orc wizard misses you.
Dowan gestures wildly while chanting.
Dowan blinks!
You block Duvessa's attack.
Duvessa says, "Where magic fails, the sword succeeds!"
There is a stone staircase leading up here.
You can't go down here!
Duvessa hits you with a +0 short sword.
The orc wizard hits you but does no damage.
You block the orc priest's attack. Duvessa hits you with a +0 short sword.
You climb upwards.
Level annotation: Sigmund
There is a stone staircase leading down here.
You hit the orc priest.
You feel better.
The orc priest is moderately wounded.
You hit the orc wizard but do no damage.
The orc wizard casts a spell.
The orc wizard flickers and vanishes!
Deactivating autopickup; reactivate with Ctrl-A.
The orc priest closely misses you. Something hits you but does no damage.
You barely miss the orc priest.
The orc priest is moderately wounded.
You miss something.
The orc priest calls down the wrath of Beogh upon you.
Pain shoots through your body!
* * * LOW HITPOINT WARNING * * *
Something hits you.
* * * LOW HITPOINT WARNING * * *
The orc priest mumbles some strange prayers to Beogh against you.
Pain shoots through your body!
* * * LOW HITPOINT WARNING * * *
You closely miss the orc priest.
The orc priest is moderately wounded.
You closely miss something.
You hear some strange, mumbled words.
A puff of flame appears from out of thin air!
The puff of flame hits you!
You die...

####...###..###...#.# #
##.....##..###......# #
##.#.{.#...# #...#..### #
##.#.....#.###..##....### #
##.##...##.@............# #
......####.####.........# #
....#####..# #.........# #
##...#.....# #.o.......## ##
#...##.###.## #.@........# #.
#.#.#..# #..###..{.......## #.
#.#.#.## ##..##...........# ##.
..#.#.# ##.##..>......#.#####..
.##...# #.#####...####)......#
.##.### #.# ###.###....#####
.##.##### #.# #.##...#..#
........## #.#######....#..#.##
.........###..#.......####.#..###


You could see an orc priest.

Vanquished Creatures
  A hound (D:3)
  Robin (D:4)
  3 adders
  A shadow imp (D:3)
  An adder skeleton (D:4)
  A dart slug (D:3)
  10 orcs
  3 ball pythons
  5 bats (D:1)
  6 endoplasms
  13 goblins
  5 hobgoblins
  3 quokkas (D:1)
  2 frilled lizards
  7 kobolds
  11 rats
73 creatures vanquished.

Notes
Turn   | Place    | Note
-------+----------+-------------------------------------------
     0 | D:1      | iwittbrodt the Human Fighter began the quest for the Orb.
     0 | D:1      | Reached XP level 1. HP: 18/18 MP: 1/1
   284 | D:1      | Reached XP level 2. HP: 23/23 MP: 2/2
   394 | D:1      | Found Zudocleoth's General Store.
   835 | D:1      | Found Luin's Jewellery Shoppe.
  1379 | D:1      | Reached XP level 3. HP: 27/29 MP: 3/3
  2619 | D:3      | Reached XP level 4. HP: 37/37 MP: 4/4
  2889 | D:3      | Reached skill level 4 in Fighting
  3015 | D:3      | Noticed Sigmund
  3027 | D:3      | Reached XP level 5. HP: 33/42 MP: 5/5
  3680 | D:4      | Noticed Robin
  4043 | D:4      | Killed Robin
  4208 | D:4      | Noticed Duvessa
  4208 | D:4      | Noticed Dowan
  4241 | D:3      | Killed from afar by an orc wizard

Illustrated notes

Levels and vault maps discovered:
D:1:      elethiomel_arrival_maze, layout_basic, serial_shops, shop_fountains,
          nicolae_shop_stone
D:2:      layout_loops_cross
D:3:      layout_rooms, uniq_sigmund
D:4:      layout_rooms, lemuel_crystal_altar, temple_green, uniq_duvessa,
          uniq_robin

Skill      XL: |  1  2  3  4 |
---------------+-------------+-----
Fighting       | 4 |  4.4
Axes           | |  2.9
Armour         | |  3.7
Shields        | |  3.7

Action                   |  1- 3 |  4- 6 || total
-------------------------+-------+-------++-------
Melee: War axe           |   132 |    32 ||   164
       Hand axe          |       |   109 ||   109
Armor: Scale mail        |    94 |    69 ||   163
Dodge: Dodged            |    56 |    75 ||   131
Block: Kite shield       |    97 |    99 ||   196
